 Dungeon Crawl Stone Soup version 0.21-a0-404-g291f19a (webtiles) character file.

46 kae the Digger (level 3, -5/19 HPs)
             Began as a Gargoyle Earth Elementalist on Oct 26, 2017.
             Killed by divine providence
             ... invoked by an orc priest
              (18 damage)
             ... on level 2 of the Dungeon.
             The game lasted 00:01:39 (1623 turns).

kae the Digger (Gargoyle Earth Elementalist)        Turns: 1623, Time: 00:01:39

Health: -5/19      AC:  5    Str: 11    XL:     3   Next: 66%
Magic:  2/7        EV: 12    Int: 16    God:
Gold:   56         SH:  0    Dex: 10    Spells: 3/7 levels left

rFire    . . .     SeeInvis .   g - +1 mace (drain)
rCold    . . .     Gourm    .   (no shield)
rNeg     + . .     Faith    .   c - +0 robe
rPois    ∞         Spirit   .   (no helmet)
rElec    +         Reflect  .   (no cloak)
rCorr    .         Harm     +   (no gloves)
MR       .....                  (no boots)
Stlth    ++........             i - amulet of harm
HPRegen  0.06/turn              (no ring)
MPRegen  0.10/turn              (no ring)

@: no status effects
A: negative energy resistance 1, electricity resistance, unbreathing,
petrification resistance, rot immunity, AC +3
a: no special abilities


You were on level 2 of the Dungeon.
You were not hungry.

You visited 1 branch of the dungeon, and saw 2 of its levels.

You collected 56 gold pieces.

Inventory:

Hand Weapons
 g - a +1 mace of draining (weapon)
Missiles
 b - 43 stones (quivered)
Armour
 c - a +0 robe (worn)
Jewellery
 i - an amulet of harm (around neck)
Potions
 a - 2 potions of haste {unknown}
 f - a potion of lignification {unknown}
 h - 2 potions of curing {unknown}
Books
 e - a book of Geomancy

   Spells                             Type                      Level
   a - Sandblast                      Earth                        1
   b - Passwall                       Transmutation/Earth          2
   c - Stone Arrow                    Conjuration/Earth            3
   d - Petrify                        Transmutation/Earth          4
   e - Lee's Rapid Deconstruction     Earth                        5
Comestibles
 d - a bread ration


   Skills:
 - Level 1.5 Dodging
 - Level 2.1 Stealth
 + Level 2.9 Spellcasting
 + Level 0.5 Conjurations
   Level 0.7 Transmutations
 + Level 4.5 Earth Magic


You had 3 spell levels left.
You knew the following spells:

 Your Spells              Type           Power        Failure   Level  Hunger
a - Sandblast             Erth           ###...       2%          1    #......
b - Stone Arrow           Conj/Erth      ##....       21%         3    ###....


Dungeon Overview and Level Annotations

Branches:
Dungeon (2/15)

Altars:
Okawaru
Wu Jian
Xom
Zin


Innate Abilities, Weirdness & Mutations

You are resistant to torment.
Your stone body is resilient. (AC +3)
You are immune to poison.
You resist negative energy. (rN+)
You are resistant to electric shocks. (rElec)
You can survive without breathing.
You are immune to petrification.
You are immune to rotting.


Message History

Casting: Sandblast
Confirm with . or Enter, or press ? or * to list all spells.
Aiming: Sandblast
Press: ? - help, Shift-Dir - straight line, f/p - orc priest
Aim: an orc priest, wielding a trident and wearing a scale mail (lightly wounded)
The blast of sand hits the orc priest.
The orc priest is moderately wounded.
b - 44 stones
Casting: Sandblast
Confirm with . or Enter, or press ? or * to list all spells.
Aiming: Sandblast
Press: ? - help, Shift-Dir - straight line, f/p - orc priest
Aim: an orc priest, wielding a trident and wearing a scale mail (moderately wounded)
The blast of sand hits the orc priest.
The orc priest is moderately wounded.
b - 43 stones The orc priest invokes the aid of Beogh against you.
Beogh smites you!
Ouch! That really hurt!
You die...

...#...###$o$###..##...#.......##
>......##.....##..##........####
######.#......o#..####........
#.#.......#.....+.........
#o#.......#.#####.........
#.#.......#.# #......###
#.#..o....#.# #......#
#.#.......#.# .#####
#)#.......#@# ..... #........o).#
#... #####...##### #... #.###
#... .#... ...... .._... ._8_..
.._...


You could see an orc priest.

Vanquished Creatures
  An adder (D:2)
  A worm (D:2)
  A dart slug (D:2)
  A leopard gecko (D:2)
  6 orcs (D:2)
  2 giant cockroaches
  5 goblins
  A hobgoblin (D:2)
  3 kobolds
  A rat (D:2)
22 creatures vanquished.

Notes
Turn   | Place    | Note
-------+----------+-------------------------------------------
     0 | D:1      | kae the Gargoyle Earth Elementalist began the quest for the Orb.
     0 | D:1      | Reached XP level 1. HP: 10/10 MP: 3/3
   445 | D:1      | Reached XP level 2. HP: 14/15 MP: 5/5
   709 | D:2      | Reached skill level 4 in Earth Magic
   881 | D:2      | Found a shimmering altar of Xom.
   882 | D:2      | Found an ornate altar of the Wu Jian Council.
   882 | D:2      | Found an iron altar of Okawaru.
   883 | D:2      | Found a glowing silver altar of Zin.
  1299 | D:2      | Reached XP level 3. HP: 18/19 MP: 1/7
  1360 | D:2      | Learned a level 3 spell: Stone Arrow
  1623 | D:2      | Killed from afar by an orc priest

Vault maps used:
D:1:      erik_arrival_blinker_ship
D:2:      cheibrodos_pilgrimage, chequers_temple_overflow_statue_of_worship,
          first_bread, uniq_sigmund

Skill      XL: |  1  2 |
---------------+-------+-----
Earth Magic    | 4 |  4.5
Dodging        | |  1.5
Stealth        | |  2.1
Spellcasting   | |  2.9
Conjurations   | |  0.5
Transmutations | |  0.7

Action                   || total
-------------------------++-------
Melee: Unarmed           ||    59
       Mace              ||     6
 Cast: Sandblast         ||    32
  Use: Scroll            ||     1
 Stab: Sleeping          ||     1
  Eat: Chunk             ||     2
Armor: Robe              ||    35
Dodge: Dodged            ||    42

Table legend:
 A = Spawn XP
 B = Non-spawn XP
 C = Spawn XP percentage of total XP
 D = Spawn monster count
 E = Non-spawn monster count
 F = Spawn count percentage of total count
 G = Total turns spent on level
                    A         B        C        D         E        F      G
               +---------+---------+-------+---------+---------+-------+---------
         Total |       0 |      66 |   0.0 |       0 |      22 |   0.0 |  1623
               +---------+---------+-------+---------+---------+-------+---------
           D:1 |       0 |      10 |   0.0 |       0 |       5 |   0.0 |   816
           D:2 |       0 |      56 |   0.0 |       0 |      17 |   0.0 |   807
               +---------+---------+-------+---------+---------+-------+---------
